 Dungeon Crawl Stone Soup version 0.29-a0-321-gf1c400731a (webtiles) character file.

Game seed: 7035891548520107941

238970 Flugslaktarn the Gelid (level 20, -22/175 HPs)
             Began as a Human Venom Mage on Apr 3, 2022.
             Was the Champion of Cheibriados.
             Killed from afar by an acid blob (23 damage)
             ... with a splash of acid
             ... on level 5 of the Pits of Slime on Apr 4, 2022.
             The game lasted 03:01:28 (13576 turns).

Flugslaktarn the Gelid (Human Venom Mage)          Turns: 13576, Time: 03:01:28

Health: -22/175    AC: 28    Str: 25    XL:     20   Next: 5%
Magic:  10/45      EV: 19    Int: 40    God:    Cheibriados [******]
Gold:   1727       SH: 17    Dex: 30    Spells: 8/44 levels left

rFire   . . .      SeeInvis .   a - +9 fustibalus (vorpal)
rCold   + . .      Faith    .   x - +2 kite shield {rC+}
rNeg    + + .      Spirit   .   (body armour currently unavailable)
rPois   ∞          Reflect  .   R - +2 helmet
rElec   +          Harm     .   P - +1 cloak
rCorr   .          Rampage  .   (gloves currently unavailable)
Will    ++...                   (boots currently unavailable)
Stlth   ++++......              g - amulet "Wad Luyf" {RegenMP rN+ MP+9 Stlth+}
HPRegen 0.39/turn               W - ring "Xaot" {Will+ Int+3}
MPRegen 0.69/turn               j - +4 ring of slaying

@: about to teleport, statue-form, corroded, studying Shields, unable to drink,
very slow
A: slow and powerful, torment resistance 1, boosted hp, frail 1
}: 2/15 runes: decaying, serpentine
a: End Transformation, Renounce Religion, Bend Time, Temporal Distortion,
Slouch, Step From Time


You were on level 5 of the Pits of Slime.
You worshipped Cheibriados.
Cheibriados was exalted by your worship.
You were a living statue of rough stone.
You visited 8 branches of the dungeon, and saw 37 of its levels.
You visited the Abyss 2 times.
You also visited: Sewer, Ice Cave and Wizlab.

You collected 3079 gold pieces.
You spent 1352 gold pieces at shops.

Inventory:

Hand Weapons
 a - a +9 vorpal fustibalus (weapon)
   (You found it on level 3 of the Dungeon)
Missiles
 A - 5 curare-tipped darts
 U - 4 javelins
Armour
 x - a +2 kite shield of cold resistance (worn)
   (You found it in an ice cave)
 y - a +2 pair of gloves (melded)
   (You found it on level 5 of the Dungeon)
 B - a +1 pair of boots (melded)
   (You found it on level 7 of the Dungeon)
 F - a scarf of invisibility
   (You found it on level 4 of the Dungeon)
 K - a +0 troll leather armour (melded)
   (You found it on level 10 of the Dungeon)
 P - a +1 cloak (worn)
   (You found it on level 11 of the Dungeon)
 R - a +2 helmet (worn)
   (You found it on level 1 of the Snake Pit)
 S - a scarf of resistance
   (You found it on level 2 of the Swamp)
Magical Staves
 b - a staff of cold
   (You found it on level 3 of the Elven Halls)
Jewellery
 f - a ring of wizardry
   (You found it on level 2 of the Snake Pit)
 g - the amulet "Wad Luyf" (around neck) {RegenMP rN+ MP+9 Stlth+}
   (You acquired it on level 5 of the Dungeon)

   [amulet of magic regeneration]

   It increases your rate of magic regeneration.
   rN:        It protects you from negative energy.
   MP:        It affects your magic capacity (+9).
   Stlth:     It makes you more stealthy.
 i - a ring of see invisible
   (You found it on level 3 of the Swamp)
 j - a +4 ring of slaying (right fist)
   (You found it on level 1 of the Swamp)
 m - a ring of willpower
   (You took it off a deep elf high priest on level 3 of the Elven Halls)
 p - a ring of protection from fire
   (You found it on level 3 of the Elven Halls)
 V - the ring of Contention {AC+4 Str+7 SInv}
   (You took it off a deep elf demonologist on level 3 of the Elven Halls)

   [ring of protection]

   AC:        It affects your AC (+4).
   Str:       It affects your strength (+7).
   SInv:      It lets you see invisible.
 W - the ring "Xaot" (left fist) {Will+ Int+3}
   (You found it on level 3 of the Elven Halls)

   [ring of willpower]

   Int:       It affects your intelligence (+3).
   Will:      It increases your willpower.
Wands
 h - a wand of charming (3)
   (You found it on level 1 of the Swamp)
 l - a wand of digging (16)
   (You found it on level 4 of the Swamp)
 D - a wand of paralysis (18)
   (You found it on level 8 of the Dungeon)
 J - a wand of polymorph (30)
   (You found it on level 10 of the Dungeon)
 Q - a wand of mindburst (38)
   (You found it on level 11 of the Dungeon)
 T - a wand of acid (4)
   (You found it on level 12 of the Dungeon)
 Z - a wand of iceblast (9)
   (You found it on level 3 of the Snake Pit)
Scrolls
 c - 2 scrolls of fog
 e - 2 scrolls of fear
 k - 5 scrolls of magic mapping
 r - 3 scrolls of identify
 s - 3 scrolls of immolation
 t - 3 scrolls of teleportation
 v - 2 scrolls of torment
 z - a scroll of blinking
 C - 2 scrolls of summoning
 H - a scroll of amnesia
 L - 5 scrolls of holy word
Potions
 d - 3 potions of might
 o - 6 potions of flight
 q - 4 potions of curing
 u - 7 potions of attraction
 w - 3 potions of heal wounds
 E - 3 potions of lignification
 G - 4 potions of mutation
 I - a potion of magic
 M - 6 potions of brilliance
 Y - 3 potions of invisibility
Miscellaneous
 N - a tin of tremorstones (2/2)
   (You found it on level 10 of the Dungeon)
 O - a phial of floods
   (You found it on level 3 of the Elven Halls)
 X - a box of beasts
   (You found it on level 3 of the Elven Halls)


   Skills:
 + Level 11.2 Fighting
 - Level 8.0 Slings
 - Level 8.0 Dodging
 - Level 2.0 Stealth
 - Level 10.0 Shields
 + Level 4.9 Unarmed Combat
 + Level 12.8 Spellcasting
 - Level 6.0 Conjurations
 - Level 6.0 Translocations
 - Level 8.1 Transmutations
 + Level 18.0 Ice Magic
 - Level 6.0 Air Magic
 - Level 7.8 Earth Magic
 - Level 6.0 Poison Magic
 - Level 12.0 Invocations
 - Level 6.0 Evocations


You had 8 spell levels left.
You knew the following spells:

 Your Spells              Type           Power      Damage    Failure   Level
a - Ozocubu's Refrigerat  Ice            53%        4d15      1%          7
b - Poisonous Vapours     Pois/Air       100%       N/A       1%          2
c - Mephitic Cloud        Conj/Pois/Air  65%        N/A       1%          3
d - Olgreb's Toxic Radia  Pois           65%        N/A       2%          4
e - Freezing Cloud        Conj/Ice/Air   40%        6-21      1%          5
f - Frozen Ramparts       Ice            100%       1d12      0%          3
g - Sting                 Tmut/Pois      100%       1d8       1%          1
h - Passage of Golubria   Tloc           65%        N/A       2%          4
i - Statue Form           Tmut/Erth      48%        N/A       17%         6
q - Apportation           Tloc           100%       N/A       1%          1

Your spell library contained the following spells:

 Spells                   Type           Power      Damage    Failure   Level
 Ozocubu's Armour         Ice            100%       N/A       0%          3
 Sandblast                Erth           100%       2d20      1%          1
 Ensorcelled Hibernation  Hex/Ice        100%       N/A       1%          2
 Static Discharge         Conj/Air       65%        N/A       1%          2
 Wereblood                Tmut           74%        N/A       1%          2
 Spider Form              Tmut/Pois      70%        N/A       1%          3
 Stone Arrow              Conj/Erth      100%       3d13      1%          3
 Hailstorm                Conj/Ice       89%        3d18      1%          4
 Ice Form                 Ice/Tmut       92%        N/A       1%          4
 Summon Ice Beast         Ice/Summ       78%        N/A       1%          4
 Metabolic Englaciation   Hex/Ice        39%        N/A       1%          5
 Dazzling Flash           Conj/Hex       98%        N/A       2%          3
 Portal Projectile        Hex/Tloc       98%        N/A       2%          3
 Iskenderun's Mystic Bla  Conj/Tloc      65%        2d13      2%          4
 Animate Skeleton         Necr           50%        N/A       3%          1
 Pain                     Necr           100%       1d9       3%          1
 Slow                     Hex            100%       N/A       3%          1
 Blade Hands              Tmut           37%        N/A       3%          5
 Scorch                   Fire           50%        2d8       4%          2
 Sublimation of Blood     Necr           25%        N/A       4%          2
 Alistair's Intoxication  Tmut/Pois      46%        N/A       4%          5
 Confusing Touch          Hex            25%        N/A       9%          3
 Vampiric Draining        Necr           25%        2d7       9%          3
 Flame Wave               Conj/Fire      49%        2d10      9%          4
 Sticky Flame             Conj/Fire      49%        2d7       9%          4
 Simulacrum               Ice/Necr       39%        N/A       11%         6
 Silence                  Hex/Air        24%        N/A       24%         5
 Summon Forest            Summ/Tloc      24%        N/A       24%         5
 Eringya's Noxious Bog    Tmut/Pois      35%        N/A       24%         6
 Anguish                  Hex/Necr       12%        N/A       28%         4
 Dispel Undead            Necr           25%        3d12      28%         4
 Agony                    Necr           25%        N/A       63%         5
 Excruciating Wounds      Necr           12%        N/A       63%         5
 Summon Cactus Giant      Summ           12%        N/A       99%         6
 Summon Hydra             Summ           12%        N/A       100%        7
 Ignition                 Fire           12%        3d6       100%        8
 Lehudib's Crystal Spear  Conj/Erth      34%        10d9      100%        8
 Polar Vortex             Ice            53%        N/A       87%         9


Dungeon Overview and Level Annotations

Branches:
Dungeon (12/15)            Temple (1/1) D:6            Lair (6/6) D:8
  Swamp (4/4) Lair:3        Snake (4/4) Lair:2        Slime (5/5) Lair:5
    Orc (2/2) D:12            Elf (3/3) Orc:2         Sewer (visited)
  IceCv (visited)          WizLab (visited)

Altars:
Ashenzari
Cheibriados
Dithmenos
Hepliaklqana
Makhleb
Okawaru
Qazlal
Wu Jian
Yredelemnul
The Shining One
Jiyva

Shops:
Orc:1 (*   Orc:2 (![:   Snake:2 [(

Annotations:
D:6 Maggie
Lair:3 1 runed translucent door, Peogik's ghost, journeyman HuAr
Swamp:4 3 runed translucent doors, exclusion: oklob plant, Jiad Xun's ghost, adept MiBe


Innate Abilities, Weirdness & Mutations

You are a living statue of rough stone.
Your actions are slow, but your melee attacks are powerful.
You are resistant to unholy torment.
Your maximum health is greatly increased.
You are immune to poison.
Your equipment is partially melded.
You are frail. (-10% HP)


Message History

The azure jelly and the quicksilver ooze are frozen.
The azure jelly resists.
The azure jelly is lightly wounded.
The quicksilver ooze is severely wounded.
Casting: Ozocubu's Refrigeration (dangerous; 1% risk of failure)
Confirm with . or Enter, or press ? or * to list all spells.
The heat is drained from your surroundings.
You feel very cold.
The azure jelly and the quicksilver ooze are frozen.
The azure jelly resists.
The azure jelly is moderately wounded.
You kill the quicksilver ooze!
Cheibriados thoroughly appreciates the change of pace.
The azure jelly misses you. You block the azure jelly's attack.
The azure jelly completely misses you. You block the azure jelly's attack.
You enter the passage of Golubria.
Casting: Ozocubu's Refrigeration (dangerous; 1% risk of failure)
Confirm with . or Enter, or press ? or * to list all spells.
The heat is drained from your surroundings.
You feel very cold.
The rockslime and the azure jelly are frozen.
The rockslime quivers.
The rockslime is heavily wounded.
The azure jelly resists.
The azure jelly is moderately wounded.
Casting: Ozocubu's Refrigeration (dangerous; 1% risk of failure)
Confirm with . or Enter, or press ? or * to list all spells.
The heat is drained from your surroundings.
You feel very cold.
The rockslime and the azure jelly are frozen.
The rockslime is almost dead.
The azure jelly resists.
The azure jelly is heavily wounded.
The acid blob spits acid at you.
The splash of acid hits you but does no damage.
A quicksilver ooze comes into view.
Casting: Ozocubu's Refrigeration (dangerous; 1% risk of failure)
Confirm with . or Enter, or press ? or * to list all spells.
Aiming: Apportation (safe; 1% risk of failure)
Press: ? - help, Dir - move target Apport: a glowing short sword Yoink!
You pull the item towards yourself.
You see here a +2 short sword of draining.
The quicksilver ooze quivers.
The rockslime jiggles.
The rockslime hits you!!
* * * LOW HITPOINT WARNING * * *
You stumble backwards!
The acid blob spits acid at you.
The splash of acid hits you but does no damage.
The acid corrodes you!
Unknown command.
Unknown command.
Unknown command.
Unknown command.
Unknown command.
Unknown command.
Unknown command.
Unknown command.
Unknown command.
You step out of the flow of time.
You return to the normal time flow.
Unknown command.
Unknown command.
As you read the scroll of teleportation, it crumbles to dust.
You feel strangely unstable.
The acid blob quivers.
The acid blob spits acid at you. The splash of acid hits you!!
* * * LOW HITPOINT WARNING * * *
The acid corrodes you!
Unknown command.
The slime creature quivers.
A rockslime comes into view.
Unknown command.
You cannot drink potions in your current state!
Unknown command.
Unknown command.
Unknown command.
Fire: a) +9 fustibalus (vorpal)
Press: ? - help, Q - select action, (/) - cycle Shift-Dir - straight line, f - slime creature
Aim: a slime creature (89% to hit)
You shoot a sling bullet. The azure jelly quivers.
The rockslime quivers.
The sling bullet hits the slime creature.
The slime creature is lightly wounded.
Your surroundings suddenly seem different.
An acid blob and 4 golden eyes come into view.
Unknown command.
Unknown command.
Unknown command.
As you read the scroll of teleportation, it crumbles to dust.
You feel strangely unstable.
You are splashed with acid!!
* * * LOW HITPOINT WARNING * * *
The acid blob quivers.
The golden eye turns its gaze towards you.
The golden eye blinks at you. You resist with almost no effort.
The acid blob spits acid at you. The splash of acid hits you!!
You die...

..............
....J.G......
...G....G...
...........
........G.#
..........#
.........#
.....J.8.#
.......###
......# .....#
..##. # #


You could see an acid blob, an azure jelly (wandering) and 4 golden eyes.

Vanquished Creatures
  the Royal Jelly (Slime:5)
  2 deep elf blademasters (Elf:3)
  2 deep elf master archers (Elf:3)
  11 acid blobs
  A kraken (Abyss:3)
  4 thorn hunters (Swamp:4)
  7 rockslimes
  4 nagarajas
  2 azure jellies
  Roxanne (Swamp:2)
  A frost giant (IceCv)
  2 orc warlords (Orc:2)
  3 ghouls
  Louise (Snake:3)
  3 deep elf sorcerers (Elf:3)
  4 deep elf elementalists (Elf:3)
  Nessos (Lair:5)
  6 quicksilver oozes
  2 bunyips
  2 vampire knights (Swamp:4)
  5 deep elf demonologists (Elf:3)
  8 deep elf annihilators (Elf:3)
  9 eleionomae
  2 deep elf death magi (Elf:3)
  Josephine (Orc:2)
  A shambling mangrove (Swamp:4)
  2 deep elf high priests (Elf:3)
  4 great orbs of eyes
  A boulder beetle (Lair:5)
  14 hydras
  4 naga warriors
  3 salamander tyrants (Snake:4)
  A ghost crab (Swamp:1)
  Erica (D:9)
  5 anacondas
  2 two-headed ogres
  5 dancing weapons (Elf:3)
  7 death yaks (Lair:6)
  9 alligators
  5 shock serpents
  3 orc high priests (Orc:2)
  9 naga sharpshooters
  A spriggan berserker (Swamp:2)
  Urug (Lair:1)
  9 deep elf knights (Elf:3)
  9 spriggans
  4 sea snakes (Snake:4)
  2 salamander mystics (Snake:4)
  4 goliath frogs
  6 spriggan druids
  4 swamp dragons
  A bog body (Lair:3)
  6 orc knights (Orc:2)
  5 naga ritualists
  6 deep elf archers (Elf:3)
  2 phantasmal warriors (Swamp:4)
  5 spectral hydras (Swamp:4)
  A starcursed mass (Abyss:3)
  Pikel (D:5)
  An oklob plant (Lair:6)
  8 orc sorcerers (Orc:2)
  14 deep elf pyromancers
  A cyclops (Orc:1)
  7 deep elf zephyrmancers
  A manticore (D:8)
  5 shining eyes
  An ugly thing (IceCv)
  A cyclops (shapeshifter) (Elf:1)
  4 mana vipers (Snake:4)
  11 salamanders
  5 will-o-the-wisps
  23 black mambas
  3 guardian serpents (Snake:4)
  6 elephants (Lair:3)
  An ice statue (IceCv)
  9 naga magi
  9 cane toads
  2 gargoyles (D:11)
  2 eyes of devastation
  A torpor snail (Lair:2)
  3 rime drakes
  A kobold demonologist (D:10)
  7 komodo dragons
  A freezing wraith (Swamp:4)
  An unseen horror (D:10)
  3 hydra zombies (Swamp:4)
  9 polar bears
  An ancient zyme (Abyss:3)
  2 death drake zombies (Swamp:4)
  8 hornets
  4 trolls
  Grinder (D:5)
  8 tyrant leeches
  Prince Ribbit (D:6)
  54 slime creatures
  3 blink frogs (Lair:1)
  A death drake skeleton (Swamp:4)
  4 dream sheep (Lair:5)
  Sigmund (D:7)
  An air elemental (Elf:3)
  51 yaks
  3 centaur simulacra (D:10)
  4 wraiths
  2 fire elementals
  3 wyverns
  Eustachio (D:5)
  3 basilisks
  12 golden eyes
  4 steam dragons
  9 wargs
  3 vampire mosquitoes (D:10)
  17 nagas
  17 swamp worms
  Edmund (D:7)
  2 acid dragons
  A hydra simulacrum (Swamp:4)
  12 water moccasins
  A floating eye (shapeshifter) (Elf:3)
  2 sky beasts
  3 ice beasts
  2 black bears (D:5)
  5 swamp drakes
  29 orc warriors
  2 swamp dragon zombies (Swamp:4)
  3 ogres
  2 centaurs (D:8)
  16 wolves
  4 lemures
  2 phantoms
  3 kobold brigands
  Blork the orc (D:4)
  A necrophage (D:7)
  4 bullfrogs
  2 earth elementals
  2 scorpions
  10 wights
  13 killer bees (D:9)
  8 howler monkeys
  9 electric eels
  25 orc priests
  2 gnoll shamans
  25 orc wizards
  3 iguanas
  A merfolk avatar (Sewer)
  A merfolk siren (Sewer)
  9 gnolls
  10 adders
  2 river rats (Sewer)
  2 shadow imps
  3 white imps (D:10)
  4 ufetubi
  2 dart slugs
  76 orcs
  5 endoplasms
  9 giant cockroaches
  5 goblins
  8 hobgoblins
  2 jackals (D:3)
  A quokka (D:5)
  11 ball pythons
  2 bats (D:3)
  10 frilled lizards
  9 kobolds
  23 rats
  40 briar patches (Swamp:4)
  4 tentacles (Abyss:3)
1020 creatures vanquished.

Vanquished Creatures (collateral kills)
  A hydra zombie (Swamp:4)
1 creature vanquished.

Vanquished Creatures (others)
  An orc warrior (Orc:2)
  20 foxfires
  43 fungi
  77 plants
141 creatures vanquished.

Grand Total: 1162 creatures vanquished

Notes
Turn   | Place    | Note
-------+----------+-------------------------------------------
     0 | D:1      | Flugslaktarn the Human Venom Mage began the quest for the
                  | Orb.
     0 | D:1      | Reached XP level 1. HP: 13/13 MP: 3/3
    77 | D:1      | Reached XP level 2. HP: 8/19 MP: 0/5
   237 | D:1      | Reached XP level 3. HP: 4/24 MP: 2/6
   654 | D:3      | Learned a level 2 spell: Poisonous Vapours
   724 | D:2      | Reached skill level 1 in Air Magic
   724 | D:2      | Reached XP level 4. HP: 19/30 MP: 1/7
   997 | D:3      | Found a glowing drain.
  1007 | Sewer    | Entered a sewer
  1056 | Sewer    | Reached skill level 1 in Slings
  1086 | Sewer    | Reached XP level 5. HP: 36/36 MP: 2/8
  1098 | Sewer    | Reached skill level 1 in Fighting
  1294 | Sewer    | Noticed a malarious merfolk avatar
  1316 | Sewer    | Killed a malarious merfolk avatar
  1317 | Sewer    | Reached XP level 6. HP: 29/44 MP: 1/9
  1423 | D:3      | Found a stormy altar of Qazlal.
  2120 | D:5      | Entered Level 5 of the Dungeon
  2144 | D:5      | Noticed a black bear
  2177 | D:4      | Learned a level 3 spell: Mephitic Cloud
  2182 | D:4      | Learned a level 4 spell: Olgreb's Toxic Radiance
  2229 | D:4      | Noticed Blork the orc
  2247 | D:4      | Killed Blork the orc
  2248 | D:4      | Reached skill level 5 in Poison Magic
  2248 | D:4      | Reached XP level 7. HP: 31/50 MP: 2/11
  2314 | D:5      | Noticed Eustachio
  2336 | D:5      | Killed Eustachio
  2337 | D:5      | Reached skill level 1 in Conjurations
  2744 | D:5      | Found a burning altar of Makhleb.
  2751 | D:5      | Found a glowing golden altar of the Shining One.
  2771 | D:5      | Reached XP level 8. HP: 50/56 MP: 12/12
  2916 | D:6      | Found a hazy altar of Hepliaklqana.
  2916 | D:6      | Found a shadowy altar of Dithmenos.
  2918 | D:6      | Noticed a shadow
  3089 | D:5      | Identified a scroll of acquirement
  3089 | D:5      | Acquired the amulet "Wad Luyf" {RegenMP rN+ MP+9 Stlth+}
  3133 | D:5      | Noticed Pikel
  3175 | D:5      | Killed Pikel
  3176 | D:5      | Reached XP level 9. HP: 66/66 MP: 7/15
  3223 | D:5      | Noticed Grinder
  3232 | D:5      | Paralysed by Grinder for 3 turns
  3244 | D:5      | Killed Grinder
  3245 | D:5      | Reached skill level 5 in Fighting
  3245 | D:5      | Reached skill level 5 in Dodging
  3288 | D:6      | Noticed Prince Ribbit
  3299 | D:6      | Killed Prince Ribbit
  3380 | D:6      | Noticed Maggie
  3791 | D:7      | Reached XP level 10. HP: 76/76 MP: 16/16
  4165 | D:7      | Noticed Sigmund
  4171 | D:7      | Killed Sigmund
  4193 | D:7      | Noticed Edmund
  4200 | D:7      | Killed Edmund
  4354 | D:6      | Found a staircase to the Ecumenical Temple.
  4361 | Temple   | Entered the Ecumenical Temple
  4383 | Temple   | Became a worshipper of Cheibriados the Contemplative
  4542 | D:8      | Reached skill level 1 in Invocations
  4548 | D:8      | Noticed a two-headed ogre
  4552 | D:8      | Noticed a manticore
  4564 | D:8      | Killed a manticore
  4565 | D:8      | Killed a two-headed ogre
  4581 | D:8      | Learned a level 5 spell: Freezing Cloud
  4611 | D:8      | Identified the +3 leather armour "Lontin" {-Tele rElec
                  | Int+2}
  4684 | D:8      | Found a staircase to the Lair.
  4789 | D:8      | Reached XP level 11. HP: 79/81 MP: 17/17
  4794 | D:8      | Reached skill level 1 in Ice Magic
  4874 | D:9      | Reached * piety under Cheibriados
  4875 | D:9      | Noticed Erica
  4884 | D:9      | Killed Erica
  4887 | D:9      | Reached skill level 2 in Ice Magic
  5040 | D:9      | Reached skill level 5 in Spellcasting
  5159 | D:9      | Reached skill level 3 in Ice Magic
  5189 | D:10     | Entered Level 10 of the Dungeon
  5193 | D:10     | Reached ** piety under Cheibriados
  5481 | D:10     | Reached skill level 4 in Ice Magic
  5546 | D:10     | Noticed a sixfirhy
  5551 | D:10     | Reached skill level 5 in Conjurations
  5551 | D:10     | Reached skill level 5 in Air Magic
  5551 | D:10     | Reached *** piety under Cheibriados
  5614 | D:10     | Learned a level 3 spell: Frozen Ramparts
  5622 | D:10     | Reached XP level 12. HP: 79/88 MP: 19/19
  5689 | D:10     | Reached skill level 5 in Ice Magic
  5805 | D:10     | Noticed a two-headed ogre
  5811 | D:10     | Killed a two-headed ogre
  5812 | D:10     | Found an ornate altar of the Wu Jian Council.
  5818 | D:10     | Found a broken altar of Ashenzari.
  6018 | D:11     | Reached skill level 6 in Ice Magic
  6060 | D:11     | Reached **** piety under Cheibriados
  6138 | D:11     | Reached skill level 5 in Invocations
  6228 | D:12     | Found a staircase to the Orcish Mines.
  6241 | Orc:1    | Entered Level 1 of the Orcish Mines
  6317 | Orc:1    | Reached ***** piety under Cheibriados
  6355 | Orc:1    | Found Mokhaf's Merry Market.
  6422 | Orc:2    | Entered Level 2 of the Orcish Mines
  6429 | Orc:2    | Noticed an orc warlord
  6430 | Orc:2    | Noticed Josephine
  6452 | Orc:2    | Found a staircase to the Elven Halls.
  6465 | Orc:2    | Reached skill level 7 in Ice Magic
  6493 | Orc:2    | Reached skill level 8 in Ice Magic
  6493 | Orc:2    | Reached XP level 13. HP: 89/93 MP: 2/22
  6493 | Orc:2    | Killed an orc warlord
  6495 | Orc:2    | Reached skill level 9 in Ice Magic
  6561 | Orc:2    | Killed Josephine
  6567 | Orc:2    | Noticed an orc warlord
  6621 | Orc:2    | Reached skill level 10 in Ice Magic
  6626 | Orc:2    | Killed an orc warlord
  6724 | Orc:2    | Found Gemn's Book Shoppe.
  6771 | Orc:2    | Reached skill level 5 in Evocations
  6855 | Orc:2    | Found Lexkeade's Armour Shoppe.
  6856 | Orc:2    | Found Juzxabra's Distillery.
  6856 | Orc:2    | Found Ewka Zyso's Antique Weapon Boutique.
  6894 | Orc:2    | Bought the Unrestrained Analects for 792 gold pieces
  7043 | Orc:1    | Bought a book of the Moon for 560 gold pieces
  7061 | Orc:1    | Found Launejeh's Firing Range.
  7290 | Lair:1   | Entered Level 1 of the Lair of Beasts
  7325 | Lair:1   | Noticed Urug
  7333 | Lair:1   | Killed Urug
  7352 | Lair:1   | Learned a level 1 spell: Apportation
  7483 | Lair:1   | Noticed a five-headed hydra
  7489 | Lair:1   | Killed a five-headed hydra
  7490 | Lair:1   | Reached skill level 1 in Translocations
  7490 | Lair:1   | Reached XP level 14. HP: 106/106 MP: 23/23
  7591 | Lair:3   | Found a runed translucent door.
  7591 | Lair:3   | Noticed Peogik's ghost (journeyman HuAr)
  7794 | Lair:2   | Found a staircase to the Snake Pit.
  8263 | Elf:1    | Entered Level 1 of the Elven Halls
  8281 | Elf:1    | Reached skill level 11 in Ice Magic
  8324 | Elf:2    | Learned a level 7 spell: Ozocubu's Refrigeration
  8378 | Elf:1    | Found a magical portal.
  8388 | WizLab   | Entered Zonguldrok's Shrine
  8433 | Elf:3    | Entered Level 3 of the Elven Halls
  8590 | Elf:3    | Reached skill level 5 in Translocations
  8658 | Elf:3    | Reached ****** piety under Cheibriados
  8659 | Elf:3    | Reached skill level 10 in Fighting
  8659 | Elf:3    | Reached XP level 15. HP: 97/115 MP: 27/27
  8738 | Elf:3    | Reached skill level 12 in Ice Magic
  8845 | Elf:3    | Learned a level 4 spell: Passage of Golubria
  8867 | Elf:3    | Reached skill level 13 in Ice Magic
  8875 | Elf:3    | Noticed a deep elf sorcerer
  8878 | Elf:3    | Killed a deep elf sorcerer
  8901 | Elf:3    | Cast into level 2 of the Abyss (a deep elf demonologist)
  8937 | Elf:3    | Escaped the Abyss
  8965 | Elf:3    | Noticed a deep elf sorcerer
  8965 | Elf:3    | Noticed a deep elf blademaster
  8967 | Elf:3    | Noticed a deep elf sorcerer
  8968 | Elf:3    | Killed a deep elf sorcerer
  8969 | Elf:3    | Killed a deep elf sorcerer
  8969 | Elf:3    | Killed a deep elf blademaster
  8970 | Elf:3    | Reached skill level 14 in Ice Magic
  8997 | Elf:3    | Noticed a deep elf elementalist
  9002 | Elf:3    | Killed a deep elf elementalist
  9052 | Elf:3    | Cast into level 3 of the Abyss (a deep elf demonologist)
  9058 | Abyss:3  | Found a corrupted altar of Lugonu.
  9060 | Abyss:3  | Found a corrupted altar of Lugonu.
  9205 | Abyss:3  | Noticed a kraken
  9210 | Abyss:3  | Killed a kraken
  9222 | Elf:3    | Escaped the Abyss
  9222 | Elf:3    | Paralysed by an air elemental for 1 turns
  9223 | Elf:3    | Noticed a Tzitzimitl
  9265 | Elf:3    | Identified the ring of Contention {AC+4 Str+7 SInv}
  9268 | Elf:3    | Noticed a deep elf elementalist
  9329 | Elf:3    | Noticed a deep elf elementalist
  9334 | Elf:3    | Killed a deep elf elementalist
  9375 | Elf:3    | Killed a deep elf elementalist
  9376 | Elf:3    | Reached skill level 15 in Ice Magic
  9400 | Elf:3    | Identified the +0 leather armour "Atsiz" {Dex+3}
  9459 | Elf:3    | Identified the ring "Xaot" {Will+ Int+3}
  9465 | Elf:3    | Found the brooch of Shielding {Spirit SH+8}
  9467 | Elf:3    | Noticed a deep elf blademaster
  9467 | Elf:3    | Noticed a deep elf master archer
  9476 | Elf:3    | Killed a deep elf blademaster
  9477 | Elf:3    | Killed a deep elf master archer
  9478 | Elf:3    | Reached XP level 16. HP: 70/122 MP: 22/28
  9507 | Elf:3    | Got Sif Muna's Volume of Mutagenic Attacks
  9566 | Elf:3    | Noticed a deep elf master archer
  9569 | Elf:3    | Reached skill level 10 in Invocations
  9622 | Elf:3    | Killed a deep elf master archer
  9898 | Snake:1  | Entered Level 1 of the Snake Pit
  9902 | Snake:1  | Identified the +1 chain mail of Peek-a-Boo {Regen+ Str+4}
  9943 | Snake:2  | Noticed a nagaraja
  9949 | Snake:2  | Killed a nagaraja
  9972 | Snake:2  | Found Tipesial's Antique Weapon Shoppe.
  9980 | Snake:2  | Found Fapraugg's Antique Armour Emporium.
 10114 | Snake:3  | Reached skill level 1 in Shields
 10157 | Snake:3  | Noticed Louise
 10165 | Snake:3  | Killed Louise
 10338 | Snake:3  | Noticed a nagaraja
 10344 | Snake:3  | Killed a nagaraja
 10406 | Snake:4  | Entered Level 4 of the Snake Pit
 10406 | Snake:4  | Noticed a nagaraja
 10409 | Snake:4  | Killed a nagaraja
 10506 | Snake:4  | Reached XP level 17. HP: 83/128 MP: 5/30
 10538 | Snake:4  | Reached skill level 16 in Ice Magic
 10612 | Snake:4  | Reached skill level 10 in Spellcasting
 10750 | Snake:4  | Got a serpentine rune of Zot
 10871 | Lair:3   | Found a staircase to the Swamp.
 10888 | Swamp:1  | Entered Level 1 of the Swamp
 10889 | Swamp:1  | Identified the +3 steam dragon scales of Okawaru's Wrath
                  | {Dex+6}
 10990 | Swamp:1  | Reached skill level 17 in Ice Magic
 11072 | Swamp:2  | Identified Roxanne's Catalogue of the Rocks
 11072 | Swamp:2  | Noticed Roxanne
 11139 | Swamp:2  | Killed Roxanne
 11164 | Swamp:2  | Learned a level 6 spell: Statue Form
 11205 | Swamp:4  | Entered Level 4 of the Swamp
 11208 | Swamp:4  | Reached skill level 1 in Earth Magic
 11210 | Swamp:4  | Reached XP level 18. HP: 101/134 MP: 22/33
 11514 | Swamp:4  | Found a runed translucent gate.
 11514 | Swamp:4  | Found a runed translucent gate.
 11517 | Swamp:4  | Found a runed translucent gate.
 11517 | Swamp:4  | Noticed Jiad Xun's ghost (adept MiBe)
 11587 | Swamp:4  | Reached skill level 5 in Transmutations
 11654 | Swamp:4  | Reached skill level 5 in Earth Magic
 11860 | Swamp:4  | Found a basalt altar of Yredelemnul.
 11866 | Swamp:4  | Got a decaying rune of Zot
 12120 | Lair:5   | Noticed Nessos
 12123 | Lair:5   | Killed Nessos
 12258 | Lair:5   | Found a frozen archway.
 12269 | IceCv    | Entered an ice cave
 12386 | IceCv    | Reached skill level 5 in Shields
 12462 | IceCv    | Identified the +5 dagger "Lemout" {spect, Fly rElec rPois
                  | Dex-2}
 12488 | IceCv    | Reached XP level 19. HP: 140/140 MP: 30/35
 12508 | IceCv    | Identified the +4 fustibalus of Purpose {flame, Str+3}
 12514 | IceCv    | Identified the +0 pair of gloves "Xetei" {*Corrode +Blink
                  | Str+9 Stlth+}
 12574 | Lair:6   | Entered Level 6 of the Lair of Beasts
 12846 | Lair:6   | Reached skill level 10 in Shields
 13052 | Lair:5   | Found a runed translucent door.
 13053 | Lair:5   | Found a viscous altar of Jiyva.
 13055 | Lair:5   | Found a staircase to the Slime Pits.
 13070 | Lair:5   | Reached skill level 1 in Unarmed Combat
 13108 | Slime:1  | Entered Level 1 of the Pits of Slime
 13242 | Slime:4  | Gained mutation: You are frail. (-10% HP) [a shining eye]
 13445 | Slime:5  | Entered Level 5 of the Pits of Slime
 13531 | Slime:5  | Found a viscous altar of Jiyva.
 13532 | Slime:5  | Noticed the Royal Jelly
 13540 | Slime:5  | Killed the Royal Jelly
 13541 | Slime:5  | Reached skill level 18 in Ice Magic
 13541 | Slime:5  | Reached XP level 20. HP: 59/135 MP: 31/36
 13576 | Slime:5  | HP: 1/175 [acid (25)]
 13576 | Slime:5  | Killed from afar by an acid blob

Illustrated notes

Levels and vault maps discovered:
D:1:      scummos_arrival_checkerplants, layout_loops_ring
D:2:      layout_loops_ring, shapermc_ecumenical_altar_pompeii
D:3:      layout_loops_ring, nicolae_qazlal_scattered_showers,
          portal_sewer_entry_d, nicolae_figureground_sparkle
D:4:      layout_basic, uniq_blork_the_orc
D:5:      layout_basic, amethyst_overflow_temple_binary,
          minmay_manual_monstrance, uniq_eustachio, uniq_grinder, uniq_pikel
D:6:      minmay_angry_zag, layout_cave_pods,
          riverfiend_overflow_shadow_ancestor, temple_statues, uniq_maggie,
          uniq_prince_ribbit1
D:7:      layout_rooms, sigmund_edmund_badplayer
D:8:      layout_rooms, dpeg_oklobed_lair
D:9:      layout_loops_ring, uniq_erica
D:10:     layout_loops_ring, nicolae_overflow_squiral, serial_ice, serial_ice_h,
          serial_ice_f, serial_ice_i, serial_ice_g, serial_ice_e, serial_ice_o
D:11:     layout_roguey
D:12:     layout_loops_corners, erik_orc_4, minivault_7
Temple:   regret_index_temple_generic_petals
Lair:1:   layout_cave_pods, eino_small_chamber_without_monster, minmay_holes,
          serial_bayou_pond_c, st_stairs_7, grunt_megastairs_3,
          lemuel_fruit_fields, uniq_urug
Lair:2:   layout_roguey, guppyfry_snake_entry_island, hibernation_bobbens
Lair:3:   layout_long_grid, nicolae_swamp_entry_splash_gauntlet,
          ebering_ghost_funeral_grove, serial_bayou_pond_d
Lair:4:   layout_roguey, dpeg_oklob_1, lemuel_fruit_fields
Lair:5:   layout_regular_city, slime_altar_2, portal_ice_cave_rime,
          serial_bayou_lake_a, uniq_nessos
Lair:6:   evilmike_catoblepas_cave, layout_cellular_growth,
          nicolae_lair_liquid_snakes
Swamp:1:  layout_basic_swamp, evilmike_swamp_ruin_house_3
Swamp:2:  layout_basic_swamp, ebering_ghost_xom, nicolae_swamp_tree_designs,
          swamp_pool4, kb_tengu_band, uniq_roxanne
Swamp:3:  layout_falls_marsh, nicolae_swamp_fairy_circle, swamp_pool3
Swamp:4:  byrel_swamp_growth_death_and_undeath, layout_basic_swamp,
          ebering_ghost_rock_garden
Snake:1:  layout_cave_pods, uniq_asterion
Snake:2:  layout_gridlike, minmay_shoptagon
Snake:3:  layout_misc_corridors, ebering_ghost_xom, uniq_louise
Snake:4:  grunt_snake_rune_pools, layout_misc_corridors, serial_bayou,
          serial_bayou_pond_a, serial_bayou_crossing, serial_bayou_pond_e,
          serial_bayou_pond_d, serial_bayou_ford_a, drop_trap,
          hangedman_corner_corridor
Slime:1:  layout_caves
Slime:2:  layout_caves
Slime:3:  layout_caves, nicolae_slime_phagocytosis
Slime:4:  layout_caves, nicolae_slime_round_cave
Slime:5
Orc:1:    layout_caves, nicolae_alphabet_shops, nicolae_shop_firing_range
Orc:2:    st_orc_elflike, layout_caves, uniq_josephine
Elf:1:    layout_geoelf_octagon, mu_enter_wizlab_6, basic_altar,
          minmay_elf_annihilation
Elf:2:    nicolae_elf_blades_crystal_corner, layout_geoelf_diagonals,
          uniq_nikola
Elf:3:    elf_hall_gauntlet_wide, layout_gridlike, nrook_mini_backslash,
          grunt_megastairs_5

Skill      XL: |  1  2  3  4  5  6  7  8  9 10 11 12 13 14 15 16 17 18 19 |
---------------+----------------------------------------------------------+-----
Transmutations | 2 8 |  8.1
Poison Magic   | 4 5 6 |  6.0
Air Magic      | 1 2 5 6 |  6.0
Slings         | 1 2 6 8 |  8.0
Fighting       | 2 4 6 8 10 11 | 11.2
Spellcasting   | 3 4 5 6 8 9 11 12 | 12.8
Dodging        | 4 6 8 |  8.0
Conjurations   | 1 2 5 6 |  6.0
Invocations    | 3 4 7 8 9 12 | 12.0
Evocations     | 2 4 6 |  6.0
Ice Magic      | 4 8 10 11 15 17 18 | 18.0
Translocations | 1 5 6 |  6.0
Shields        | 4 5 10 | 10.0
Earth Magic    | 1 7 |  7.8
Unarmed Combat | 4 |  4.9
Stealth        | |  2.0

Action                   |  1- 3 |  4- 6 |  7- 9 | 10-12 | 13-15 | 16-18 | 19-21 || total
-------------------------+-------+-------+-------+-------+-------+-------+-------++-------
Melee: Unarmed           |    21 |       |       |       |       |       |       ||    21
       Fustibalus        |       |       |     1 |     1 |     2 |       |       ||     4
       Staff             |       |       |       |       |       |       |     7 ||     7
 Fire: Fustibalus        |     5 |   129 |   164 |   377 |   309 |   584 |   155 ||  1723
Throw: Dart              |       |       |       |     4 |     2 |       |       ||     6
 Cast: Sting             |    47 |    52 |    27 |     5 |     3 |       |       ||   134
       Poisonous Vapours |       |    17 |    24 |    22 |       |       |       ||    63
       Mephitic Cloud    |       |     2 |    10 |    16 |     6 |     4 |       ||    38
       Olgreb's Toxic Ra |       |       |     5 |    63 |    52 |    22 |     8 ||   150
       Freezing Cloud    |       |       |       |     7 |    76 |    67 |       ||   150
       Frozen Ramparts   |       |       |       |     3 |     5 |     5 |       ||    13
       Apportation       |       |       |       |       |    35 |   101 |    16 ||   152
       Ozocubu's Refrige |       |       |       |       |    19 |   110 |    70 ||   199
       Passage of Golubr |       |       |       |       |    10 |   123 |    69 ||   202
       Statue Form       |       |       |       |       |       |    16 |     3 ||    19
Invok: Slouch            |       |       |       |     5 |     3 |     6 |       ||    14
       Step From Time    |       |       |       |       |       |     1 |     2 ||     3
       Bend Time         |       |       |       |       |       |     1 |       ||     1
 Abil: End Transformatio |       |       |       |       |       |     1 |     2 ||     3
Evoke: Wand              |       |       |       |     2 |       |     8 |     1 ||    11
       Tin of tremorston |       |       |       |       |     1 |     3 |     1 ||     5
       Phial of floods   |       |       |       |       |       |     1 |       ||     1
       Box of beasts     |       |       |       |       |       |     1 |       ||     1
  Use: Potion            |       |     1 |     1 |       |     1 |     5 |     2 ||    10
       Scroll            |       |     7 |     9 |     9 |     5 |    15 |     5 ||    50
Armor: Robe              |     7 |     9 |    18 |    18 |       |       |       ||    52
       Troll leather arm |       |       |       |    37 |    50 |    51 |    25 ||   163
       Skin              |       |       |       |       |       |   301 |    19 ||   320
Dodge: Dodged            |    38 |    96 |   103 |   251 |   234 |   500 |   110 ||  1332
Block: Buckler           |       |       |       |       |       |   158 |       ||   158
       Kite shield       |       |       |       |       |       |    35 |   115 ||   150

Table legend: (Time is in decaauts)
 A = Elapsed time spent in this place.
 B = Non-inter-level travel time spent in this place.
 C = Inter-level travel time spent in this place.
 D = Time resting spent in this place.
 E = Time spent auto-exploring this place.
 F = Levels seen in this place.
 G = Mean time per level.
                   A        B        C        D        E       F      G
               +--------+--------+--------+--------+--------+-----+--------+
         Total |  19704 |  18539 |   1165 |      0 |      0 |  42 |  469.1 |
       Dungeon |   7361 |   6340 |   1021 |      0 |      0 |  12 |  613.4 |
        Temple |     45 |     24 |     21 |      0 |      0 |   1 |   45.0 |
          Lair |   2709 |   2632 |     77 |      0 |      0 |   6 |  451.5 |
         Swamp |   2320 |   2320 |      0 |      0 |      0 |   4 |  580.0 |
     Snake Pit |   1544 |   1544 |      0 |      0 |      0 |   4 |  386.0 |
    Slime Pits |    809 |    809 |      0 |      0 |      0 |   5 |  161.8 |
  Orcish Mines |   1412 |   1367 |     45 |      0 |      0 |   2 |  706.0 |
   Elven Halls |   2162 |   2162 |      0 |      0 |      0 |   3 |  720.7 |
         Abyss |    390 |    390 |      0 |      0 |      0 |   2 |  195.0 |
         Sewer |    454 |    454 |      0 |      0 |      0 |   1 |  454.0 |
      Ice Cave |    490 |    490 |      0 |      0 |      0 |   1 |  490.0 |
        Wizlab |      3 |      3 |      0 |      0 |      0 |   1 |    3.0 |
               +--------+--------+--------+--------+--------+-----+--------+

Top non-repeatable levels by time:
   Elf:3: 1823 daAuts
 Swamp:4: 1486 daAuts
     D:4: 967 daAuts
    D:10: 965 daAuts
   Orc:2: 947 daAuts
     D:9: 781 daAuts
     D:5: 759 daAuts
     D:6: 706 daAuts
 Snake:4: 640 daAuts
  Lair:6: 627 daAuts
  Lair:1: 601 daAuts
     D:8: 592 daAuts
     D:3: 577 daAuts
     D:7: 556 daAuts
  Lair:2: 551 daAuts
